 Dungeon Crawl Stone Soup version 0.20-a0-1058-g0491fde (webtiles) character file.

11 JeffiDaFish the Sneak (level 2, -5/13 HPs)
             Began as a Spriggan Enchanter on Apr 26, 2017.
             Slain by a hobgoblin
             ... wielding a +0 club
              (6 damage)
             ... on level 1 of the Dungeon.
             The game lasted 00:01:15 (240 turns).

JeffiDaFish the Sneak (Spriggan Enchanter)           Turns: 240, Time: 00:01:16

Health: -5/13      AC:  2    Str:  4    XL:     2   Next: 17%
Magic:  0/6        EV: 18    Int: 16    God:
Gold:   16         SH:  0    Dex: 16    Spells: 3/6 levels left

rFire    . . .     SeeInvis +   a - +1 dagger
rCold    . . .     Gourm    .   (shield restricted)
rNeg     . . .     Faith    .   b - +0 robe
rPois    .         Spirit   .   (helmet restricted)
rElec    .         Reflect  .   (no cloak)
rCorr    .         Harm     .   (gloves unavailable)
MR       .....                  (boots unavailable)
Stlth    +++.......             (no amulet)
Regen    0.1/turn               (no ring)
MPRegen  0.1/turn               (no ring)

@: very slightly contaminated, very quick
A: unfitting armour, see invisible, herbivore 3, speed 3, slow metabolism 2
a: no special abilities


You were on level 1 of the Dungeon.
You were not hungry.

You visited 1 branch of the dungeon, and saw 1 of its levels.

You collected 16 gold pieces.

Inventory:

Hand Weapons
 a - a +1 dagger (weapon)
Armour
 b - a +0 robe (worn)
Books
 c - a book of Maledictions

   Spells                             Type                      Level
   a - Corona                         Hexes                        1
   b - Ensorcelled Hibernation        Hexes/Ice                    2
   c - Confuse                        Hexes                        3
   d - Tukima's Dance                 Hexes                        3
   e - Dazzling Spray                 Conjuration/Hexes            3
Comestibles
 d - a bread ration


   Skills:
 + Level 0.0 Fighting
 + Level 1.1 Short Blades
 * Level 3.1 Dodging
 * Level 4.8 Stealth
 + Level 2.9 Spellcasting
 + Level 3.9 Hexes
 + Level 0.1 Ice Magic


You had 3 spell levels left.
You knew the following spells:

 Your Spells              Type           Power        Failure   Level  Hunger
a - Corona                Hex            ##.....      3%          1    #......
b - Ensorcelled Hibernat  Hex/Ice        #.....       12%         2    ##.....


Dungeon Overview and Level Annotations

Branches:
Dungeon (1/15)

Altars:


Innate Abilities, Weirdness & Mutations

You are very small and have problems with some larger weapons.
You are too small for most types of armour.
You have supernaturally acute eyesight. (SInv)
You are a herbivore.
You cover ground extremely quickly.
You need consume almost no food.


Message History

You kill the goblin!
The hobgoblin completely misses you.
Casting: Ensorcelled Hibernation
Confirm with . or Enter, or press ? or * to list all spells.
Aiming: Ensorcelled Hibernation
Press: ? - help, Shift-Dir - straight line, f/p - kobold
Aim: a kobold (chance to defeat MR: 57%)
The hobgoblin resists with significant effort.
The hobgoblin misses you.
You closely miss the hobgoblin. The hobgoblin misses you.
You hit the hobgoblin but do no damage. The hobgoblin closely misses you.
Casting: Ensorcelled Hibernation
Confirm with . or Enter, or press ? or * to list all spells.
Aiming: Ensorcelled Hibernation
Press: ? - help, Shift-Dir - straight line, f/p - kobold
Aim: a kobold (chance to defeat MR: 57%)
You miscast Ensorcelled Hibernation.
Multicoloured lights dance before your eyes!
The hobgoblin hits you with a club.
You die...

....##.......#........# .#
.####..#.##..#........# .##
.###..##.###..........##%.#
.#.....#.###.#####.##...#.####.
.#....≈......#≈###(####gh....>.
.....≈P≈..##.≈♣≈##.# #........
.#..≈P⌠P≈≈≈≈≈♣⌠♣≈#.## #........
.#...≈.....†..♣≈[#(.###........
......≈...<.(.≈(@gK............
.....≈♣.......♣≈)##..........#.
##..≈♣⌠♣≈≈≈≈≈♣⌠♣≈# ..........#
##...≈♣≈.)...≈♣≈.# ..........#
......≈.......≈.####.....?...#
###.............. ..........#
##...########### ...... #####


You could see a hobgoblin and a kobold.

Vanquished Creatures
  An ooze (D:1)
  A goblin (D:1)
  A hobgoblin (D:1)
  A jackal (D:1)
  A ball python (D:1)
  2 frilled lizards (D:1)
  A rat (D:1)
  A toadstool (D:1)
9 creatures vanquished.

Notes
Turn   | Place    | Note
-------+----------+-------------------------------------------
     0 | D:1      | JeffiDaFish the Spriggan Enchanter began the quest for the Orb.
     0 | D:1      | Reached XP level 1. HP: 9/9 MP: 5/5
   168 | D:1      | Reached XP level 2. HP: 13/13 MP: 6/6
   195 | D:1      | Learned a level 2 spell: Ensorcelled Hibernation
   240 | D:1      | Slain by a hobgoblin

Vault maps used:
D:1:      ldierk_water_garden, serial_bayou_pond_b

Action                   || total
-------------------------++-------
Melee: Dagger            ||    28
 Cast: Ensorcelled Hiber ||     2
 Stab: Sleeping          ||     2
Armor: Robe              ||     1
Dodge: Dodged            ||    22
